 Dungeon Crawl Stone Soup version 0.18.1-50-g88ac8fd (webtiles) character file.

53 wamma the Skirmisher (level 3, 0/29 HPs)
             Began as a Demonspawn Abyssal Knight on Sept 22, 2016.
             Was a Follower of Lugonu.
             Slain by a gnoll
             ... wielding a +0 flail
              (4 damage)
             ... on level 3 of the Dungeon.
             The game lasted 00:12:32 (1830 turns).

wamma the Skirmisher (Demonspawn Abyssal Knight)    Turns: 1830, Time: 00:12:33

Health: 0/29       AC:  3    Str: 13    XL:     3   Next: 64%
Magic:  13/13      EV: 11    Int: 13    God:    Lugonu [*.....]
Gold:   110        SH:  0    Dex: 12    Spells: 0 memorised, 2 levels left

rFire  . . .     SeeInvis .     a - +1 spear
rCold  . . .     Gourm    .     b - +0 leather armour
rNeg   . . .     Faith    .     (no shield)
rPois  +         Spirit   .     (no helmet)
rElec  .         Dismiss  .     (no cloak)
rCorr  .         Reflect  .     (no gloves)
SustAt .         Harm     .     (no boots)
MR     .....                    w - amulet of rage
Stlth  +.........               j - ring of poison resistance
                                i - ring of magical power

@: not resistant to hostile enchantments, very unstealthy
A: hooves 1, powered by death 1
a: Depart the Abyss, Renounce Religion, Evoke Berserk Rage


You were on level 3 of the Dungeon.
You worshipped Lugonu.
Lugonu was aware of your devotion.
You were not hungry.

You visited 1 branch of the dungeon, and saw 3 of its levels.
You visited the Abyss 1 time.

You collected 110 gold pieces.

Inventory:

Hand Weapons
 a - a +1 spear (weapon)
 d - a +0 hand crossbow
 e - a +3 mace
Missiles
 p - 18 arrows
 t - 23 bolts
Armour
 b - a +0 leather armour (worn)
Jewellery
 i - a ring of magical power (left hand)
 j - a ring of poison resistance (right hand)
 q - an uncursed amulet of dismissal
 w - an amulet of rage (around neck)
Scrolls
 l - a scroll of fog {unknown}
 m - a scroll of immolation {unknown}
 n - a scroll of teleportation {unknown}
 r - 3 scrolls of remove curse {unknown}
Potions
 g - 3 potions of lignification {unknown}
 h - a potion of heal wounds {unknown}
 o - a potion of magic {unknown}
 s - 3 potions of curing {unknown}
 u - a potion of flight {unknown}
Comestibles
 c - a bread ration
 f - 5 fruits
 k - a slice of pizza


   Skills:
 + Level 3.6 Fighting
 + Level 2.0 Polearms
 + Level 0.6 Crossbows
 + Level 2.2 Armour
 + Level 1.4 Dodging
 + Level 2.6 Invocations


You had 2 spell levels left.
You didn't know any spells.

Dungeon Overview and Level Annotations

Branches:
Dungeon (3/15)

Altars:

Annotations:
D:3 Grinder


Innate Abilities, Weirdness & Mutations

You have large cloven feet.
You regenerate a little health from kills.


Message History

The gnoll hits you.
You closely miss the gnoll. You kick the gnoll, but do no damage.
The gnoll is heavily wounded.
The gnoll hits you but does no damage.
You hit the gnoll.
The gnoll is severely wounded.
The gnoll hits you.
You aren't carrying or standing over any spellbooks.
You fail to use your ability.
The gnoll hits you.
* * * LOW HITPOINT WARNING * * *
You hit the gnoll.
You kill the gnoll!
Lugonu accepts your kill.
You closely miss the gnoll. The gnoll misses you.
You closely miss the gnoll. Your kick misses the gnoll.
The gnoll hits you with a flail!
* * * LOW HITPOINT WARNING * * *
You barely miss the gnoll. Your kick misses the gnoll.
The gnoll hits you with a flail.
You die...

.... ..#.. ...##### ..#..
.......# .....######
.......# ..g...#..####
.......###### ....#.....#
..........).# #5o......#
..........#.# #........#
######.####.######5g....#
#.# #...).@go.....# #.#
#.#########...# #.# #..
#+#.... #.####### ###
#.......# ########.######
#....# #......# #.##.#
######.# #.##.# #.#


You could see Grinder, 2 gnolls and an orc.

Vanquished Creatures
  A gnoll (D:3)
  3 giant geckos
  An orc (D:3)
  2 bats
  A giant cockroach (D:2)
  3 goblins (D:1)
  7 hobgoblins
  4 jackals (D:2)
  4 kobolds (D:2)
  A quokka (D:2)
  3 giant newts
  5 rats
35 creatures vanquished.

Notes
Turn   | Place    | Note
--------------------------------------------------------------
     0 | Abyss:1  | wamma the Demonspawn Abyssal Knight began the quest for the Orb.
     0 | Abyss:1  | Reached XP level 1. HP: 18/18 MP: 2/2
    48 | Abyss:2  | Found a corrupted altar of Lugonu.
    96 | Abyss:2  | Noticed a crimson imp
   114 | Abyss:2  | Noticed a neqoxec
   120 | D:1      | Escaped the Abyss
   496 | D:1      | Gained mutation: You regenerate a little health from kills. [demonic ancestry]
   496 | D:1      | Reached XP level 2. HP: 15/24 MP: 3/3
   569 | D:1      | Reached * piety under Lugonu
  1194 | D:2      | Reached skill level 1 in Dodging
  1310 | D:2      | Gained mutation: You have large cloven feet. [demonic ancestry]
  1310 | D:2      | Reached XP level 3. HP: 29/29 MP: 4/4
  1816 | D:3      | Noticed Grinder
  1830 | D:3      | Slain by a gnoll

Skill      XL: |  1  2 |
---------------+-------+-----
Polearms       | 2 |  2.0
Armour         | 2 |  2.2
Dodging        | 1 |  1.4
Fighting       | |  3.6
Crossbows      | |  0.6
Invocations    | |  2.6

Action                   || total
-------------------------++-------
Melee: Spear             ||   107
       Kick              ||     8
 Fire: Hand crossbow     ||    25
Invok: Depart the Abyss  ||     1
  Use: Scroll            ||     3
  Eat: Bread ration      ||     1
Armor: Leather armour    ||    22
Dodge: Dodged            ||    87
